 Dungeon Crawl Stone Soup version 0.18.1-1-g2f07953 (webtiles) character file.

93 Softman25 the Magician (level 4, -18/24 HPs)
             Began as a Tengu Wizard on Oct 17, 2016.
             Demolished by spsoon's ghost (19 damage)
             ... on level 3 of the Dungeon.
             The game lasted 00:10:46 (2534 turns).

Softman25 the Magician (Tengu Wizard)               Turns: 2534, Time: 00:10:46

Health: -18/24     AC:  3    Str:  8    XL:     4   Next: 62%
Magic:  0/10       EV: 12    Int: 23    God:
Gold:   76         SH:  0    Dex: 13    Spells: 4 memorised, 1 level left

rFire  . . .     SeeInvis .     n - +0 dagger
rCold  . . .     Gourm    .     a - +0 robe
rNeg   . . .     Faith    .     (no shield)
rPois  .         Spirit   .     b - +1 hat
rElec  .         Dismiss  .     (no cloak)
rCorr  .         Reflect  .     (no gloves)
SustAt .         Harm     .     (boots unavailable)
MR     .....                    (no amulet)
Stlth  ++........               (no ring)
                                (no ring)

@: brilliant, very slightly contaminated, not resistant to hostile enchantments,
unstealthy
A: beak, talons 3
a: no special abilities


You were on level 3 of the Dungeon.
You were hungry.

You visited 1 branch of the dungeon, and saw 4 of its levels.

You collected 76 gold pieces.

Inventory:

Hand Weapons
 n - a +0 dagger (weapon)
Armour
 a - a +0 robe (worn)
 b - a +1 hat (worn)
Jewellery
 i - a cursed ring of loudness {unknown}
Scrolls
 g - a scroll of immolation {unknown}
 k - a scroll of teleportation
Potions
 f - a potion of beneficial mutation {unknown}
 h - a potion of curing
 m - a potion of flight {unknown}
 o - a potion of magic {unknown}
 p - a potion of agility {unknown}
Books
 c - a book of Minor Magic

   Spells                             Type                      Level
   a - Magic Dart                     Conjuration                  1
   b - Blink                          Translocation                2
   c - Call Imp                       Summoning                    2
   d - Repel Missiles                 Charms/Air                   2
   e - Slow                           Hexes                        2
   f - Conjure Flame                  Conjuration/Fire             3
   g - Mephitic Cloud                 Conjuration/Poison/Air       3
Comestibles
 d - 2 bread rations
 l - a meat ration


   Skills:
 - Level 2.2 Dodging
 - Level 2.0 Stealth
 - Level 3.5 Spellcasting
 - Level 3.0 Conjurations
   Level 1.2 Summonings
 - Level 0.7 Translocations
 + Level 2.6 Air Magic
 + Level 1.6 Poison Magic


You had one spell level left.
You knew the following spells:

 Your Spells              Type           Power        Failure   Level  Hunger
a - Magic Dart            Conj           ####         1%          1    None
b - Mephitic Cloud        Conj/Pois/Air  ####....     1%          3    ###....
c - Conjure Flame         Conj/Fire      ###.....     2%          3    ###....
d - Blink                 Tloc           N/A          1%          2    #......


Dungeon Overview and Level Annotations

Branches:
Dungeon (4/15)
 Temple: D:4-7

Altars:

Annotations:
D:3 spsoon's ghost, amateur FoFi
D:4 Grinder


Innate Abilities, Weirdness & Mutations

You have a beak for a mouth.
You have claws for feet.


Message History

There is a stone staircase leading up here.
You climb upwards.
Level annotation: spsoon's ghost, amateur FoFi Spsoon's ghost hits you but does no damage.
There is a stone staircase leading down here.
Casting: Magic Dart
Confirm with . or Enter, or press ? or * to list all spells.
You miscast Blink.
You are very lightly contaminated with residual magic.
Strange energies run through your body. Spsoon's ghost closely misses you.
Drink which item? (? for menu, Esc to quit)
You feel better. Spsoon's ghost hits you!
Ouch! That really hurt!
* * * LOW HITPOINT WARNING * * *
Drink which item? (? for menu, Esc to quit)
It was a potion of brilliance.
You feel clever all of a sudden. Spsoon's ghost hits you!!
Ouch! That really hurt!
You die...

#.............#
#.####....##..#
#.........'...#
.#.##......#...#
.###.......#...#
#######.#.....#)..#...#
<.......#.....'...#...#
.......##.#####..W#...######.
....>..##.......@............
.).....##############.######
.......'........[.....#
.†.....###..###########
.......# #.......( ########
##.###### #.# #.# #.#


You could see spsoon's ghost.

Vanquished Creatures
  A worker ant (D:4)
  3 adders (D:2)
  2 worms (D:2)
  A dart slug (D:1)
  2 giant geckos (D:1)
  An orc (D:3)
  2 giant cockroaches
  3 goblins
  6 hobgoblins
  7 bats
  4 kobolds
  3 rats
35 creatures vanquished.

Notes
Turn   | Place    | Note
--------------------------------------------------------------
     0 | D:1      | Softman25 the Tengu Wizard began the quest for the Orb.
     0 | D:1      | Reached XP level 1. HP: 10/10 MP: 5/5
   422 | D:1      | Reached XP level 2. HP: 12/15 MP: 0/7
   890 | D:2      | Reached XP level 3. HP: 15/19 MP: 2/8
  1063 | D:2      | Learned a level 3 spell: Mephitic Cloud
  1067 | D:2      | Learned a level 3 spell: Conjure Flame
  1186 | D:2      | Reached skill level 1 in Air Magic
  1403 | D:2      | Reached skill level 1 in Poison Magic
  1471 | D:2      | Reached XP level 4. HP: 24/24 MP: 1/10
  1983 | D:3      | Learned a level 2 spell: Blink
  2206 | D:3      | Noticed spsoon's ghost (amateur FoFi)
  2348 | D:4      | Learned a level 1 spell: Magic Dart
  2504 | D:4      | Noticed Grinder
  2509 | D:4      | Paralysed by Grinder for 2 turns
  2533 | D:3      | HP: 1/24 [spsoon's ghost (12)]
  2534 | D:3      | Demolished by spsoon's ghost

Skill      XL: |  1  2  3  4 |
---------------+-------------+-----
Conjurations   | 2 3 |  3.0
Air Magic      | 1 2 |  2.6
Poison Magic   | 1 |  1.6
Dodging        | |  2.2
Stealth        | |  2.0
Spellcasting   | |  3.5
Summonings     | |  1.2
Translocations | |  0.7

Action                   |  1- 3 |  4- 6 || total
-------------------------+-------+-------++-------
Melee: Dagger            |    23 |    13 ||    36
       Unarmed           |     4 |       ||     4
       Hand axe          |     3 |       ||     3
       Peck              |     6 |     1 ||     7
       Kick              |     5 |     4 ||     9
 Cast: Magic Dart        |    74 |    46 ||   120
  Use: Scroll            |     5 |     2 ||     7
       Potion            |       |     3 ||     3
 Stab: Sleeping          |     1 |     1 ||     2
  Eat: Chunk             |     2 |     2 ||     4
Armor: Robe              |    11 |     4 ||    15
Dodge: Dodged            |    36 |    15 ||    51
